 Dungeon Sprint DCSS version 0.30.1-11-g7821555f0a (webtiles) character file.

Game seed: 16932514868764263346

3812 Groucho the Unseen (level 9, -43/44 HPs)
             Began as a Spriggan Enchanter on Dec 8, 2023.
             Was a Believer of Dithmenos.
             Killed from afar by a crystal guardian (57 damage)
             ... with a crystal bolt
             ... in the Dungeon (Sprint II: "The Violet Keep of Menkaure").
             The game lasted 00:09:03 (1465 turns).

Groucho the Unseen (Spriggan Enchanter)             Turns: 1465, Time: 00:09:04

Health: -43/44     AC:  2    Str:  2    XL:     9   Next: 97%
Magic:  15/22      EV: 17    Int: 20    God:    Dithmenos [**....]
Gold:   205        SH:  0    Dex: 16    Spells: 3/24 levels left

rFire   + . .        a - +1 dagger
rCold   . . .        (no shield)
rNeg    . . .        b - +0 robe
rPois   .            (helmet restricted)
rElec   .            (no cloak)
rCorr   .            (gloves unavailable)
SInv    +            (boots unavailable)
Will    +....        (no amulet)
Stlth   ++++++++     f - ring of protection from fire
HPRegen 0.27/turn    (no ring)
MPRegen 0.18/turn

%: no teleportation
@: wreathed by umbra, very quick
A: very small, no large weapons, unfitting armour, see invisible, speed 3,
passive freeze, weak 1, MP-powered wands
a: Renounce Religion, Shadow Step


You were in the Dungeon.
You worshipped Dithmenos.
Dithmenos was pleased with you.
You visited 1 branch You collected 1143 gold pieces.
You spent 938 gold pieces at shops.

Inventory:

Hand Weapons
 a - a +1 dagger (weapon)
 c - a +0 arbalest
Armour
 b - a +0 robe (worn)
Jewellery
 f - a ring of protection from fire (left hand)
Scrolls
 d - 2 scrolls of identify {unknown}
 i - a scroll of blinking
Potions
 e - 2 potions of flight
 g - 2 potions of magic


   Skills:
 - Level 3.0 Fighting
 + Level 6.4 Short Blades
 + Level 2.6 Dodging
 - Level 15.0 Stealth
 + Level 8.0 Spellcasting
 - Level 8.0 Conjurations
 - Level 14.0 Hexes
 * Level 10.7 Transmutations
 * Level 7.6 Earth Magic


You had 3 spell levels left.
You knew the following spells:

 Your Spells              Type           Power      Damage    Failure   Level
a - Ensorcelled Hibernat  Hex/Ice        72%        N/A       1%          2
b - Confusing Touch       Hex            59%        N/A       1%          3
c - Dazzling Flash        Conj/Hex       100%       N/A       1%          3
d - Tukima's Dance        Hex            59%        N/A       1%          3
e - Petrify               Tmut/Erth      44%        N/A       1%          4
f - Statue Form           Tmut/Erth      29%        N/A       30%         6

Your spell library contained the following spells:

 Spells                   Type           Power      Damage    Failure   Level
 Metabolic Englaciation   Hex/Ice        18%        N/A       13%         5


Dungeon Overview and Level Annotations

Branches:
Dungeon (1/1)

Altars:
Cheibriados
Dithmenos
Elyvilon
Fedhas
Gozag
Hepliaklqana
Kikubaaqudgha
Makhleb
Nemelex Xobeh
Okawaru
Qazlal
Ru
Sif Muna
Trog
Uskayaw
Vehumet
Wu Jian
Xom
Yredelemnul
Zin
The Shining One
Jiyva
Lugonu

Shops:
D ::?=![*(===![[!

Annotations:
D exclusion: oklob plant


Innate Abilities, Weirdness & Mutations

You are very small and have problems with some larger weapons.
You are too small for most types of armour.
You have supernaturally acute eyesight. (SInv)
You cover ground extremely quickly. (Speed+++)
A frigid envelope surrounds you and freezes all who hurt you.
You are weak. (Str -2)
You expend magic power (3 MP) to strengthen your wands.


Message History

There isn't a shadow there.
Okay, then.
The swamp drake breathes poison at you.
The noxious blast engulfs the death drake but does no damage.
The death drake is poisoned.
You hear an angry hiss.
Unknown command.
Casting: Ensorcelled Hibernation (safe; 1% risk of failure)
Confirm with . or Enter, or press ? or * to list all spells.
Aiming: Ensorcelled Hibernation (safe; 1% risk of failure)
Press: ? - help, Shift-Dir - straight line, f - swamp drake
Aim: a swamp drake (noxious fumes, catching its breath, chance to affect: 64%)
The swamp drake looks drowsy...
The helpless swamp drake fails to defend itself.
You perforate the swamp drake like a sieve!!!!
You kill the swamp drake!
Dithmenos accepts your kill.
Unknown command.
Casting: Ensorcelled Hibernation (safe; 1% risk of failure)
Confirm with . or Enter, or press ? or * to list all spells.
You can't see any susceptible monsters within range! (Use Z to cast anyway.) Unknown command.
Casting: Ensorcelled Hibernation (safe; 1% risk of failure)
Confirm with . or Enter, or press ? or * to list all spells.
Okay, then.
Casting: Ensorcelled Hibernation (safe; 1% risk of failure)
Confirm with . or Enter, or press ? or * to list all spells.
Okay, then.
You aren't carrying any items that you can evoke.
Unknown command.
Okay, then.
The death drake looks more healthy.
The crystal guardian fires a crystalline bolt at you.
The crystal bolt freezes you!!
Ouch! That really hurt!
You see here a swamp drake skeleton.
The crystal guardian fires a crystalline bolt at you.
The crystal bolt freezes you!!!
Ouch! That really hurt!
You die... .. .. ..# .# ##+# .. #.# .# #.#.##.#### +.##k# †###.# ...# #..9#### #.#.####..#####.^##.# )?[$(

##'###.##..#..†..#††#▓([!$$?
##.##...#..#..#..#†.#▓!?$)[))
'.<.'.##'..####.÷##.#▓!$?![$!
##.##...#†...###@..##▓▓▓▓▓▓▓+
##'###.##......~○~~~~~~~~~~~
#...####~~.....~#'########+##
..##.#§~~~§~~..~#.._.....#~~~
## ##~~§§§§~§.~#._._....#~~≈
# #~~~≈≈§§~§~~#_._._...#~~~ ~
~~~~~§≈≈≈≈~~~#._._._..#~~S
#+++#~≈≈≈≈§≈§~#_._._._.#~~§
##§§§###≈≈#._._._._#~S§


You could see a death drake and a crystal guardian.

Vanquished Creatures
  A death yak (D)
  A death drake (D)
  A merfolk siren (D)
  A yaktaur (D)
  3 polar bears (D)
  A hornet (D)
  2 wyverns (D)
  4 neqoxecs (D)
  Menkaure (D)
  2 swamp drakes (D)
  4 necrophages (D)
21 creatures vanquished.

Vanquished Creatures (others)
  A water moccasin (D)
1 creature vanquished.

Grand Total: 22 creatures vanquished

Notes
Turn   | Place    | Note
-------+----------+-------------------------------------------
     0 | D        | Groucho the Spriggan Enchanter began the quest for the Orb.
     0 | D        | Reached XP level 1. HP: 9/9 MP: 5/5
     3 | D        | Noticed a wyvern
     3 | D        | Noticed a wyvern
     6 | D        | Noticed a necrophage
     6 | D        | Noticed a necrophage
     6 | D        | Noticed a necrophage
     6 | D        | Noticed a necrophage
    17 | D        | Killed a necrophage
    18 | D        | Reached skill level 7 in Stealth
    18 | D        | Reached skill level 5 in Hexes
    18 | D        | Reached XP level 2. HP: 16/16 MP: 6/8
    18 | D        | Reached XP level 3. HP: 20/20 MP: 6/9
    18 | D        | Killed a necrophage
    19 | D        | Reached skill level 5 in Short Blades
    19 | D        | Reached skill level 10 in Stealth
    19 | D        | Reached XP level 4. HP: 24/24 MP: 7/11
    22 | D        | Killed a necrophage
    23 | D        | Reached skill level 13 in Stealth
    23 | D        | Reached XP level 5. HP: 28/28 MP: 7/12
    25 | D        | Reached skill level 15 in Stealth
   203 | D        | Learned a level 2 spell: Ensorcelled Hibernation
   207 | D        | Learned a level 3 spell: Confusing Touch
   211 | D        | Learned a level 3 spell: Dazzling Flash
   215 | D        | Learned a level 3 spell: Tukima's Dance
   222 | D        | Noticed a neqoxec
   222 | D        | Noticed a neqoxec
   222 | D        | Noticed a neqoxec
   222 | D        | Noticed a neqoxec
   224 | D        | Gained mutation: Your spells are a little easier to cast,
                  | but a little less powerful. [a neqoxec]
   226 | D        | Killed a neqoxec
   227 | D        | Reached XP level 6. HP: 9/32 MP: 9/13
   228 | D        | Gained mutation: Your body sometimes deteriorates upon
                  | taking damage. [a neqoxec]
   229 | D        | Gained mutation: You are weak. (Str -2) [a neqoxec]
   235 | D        | Gained mutation: Potions are less effective at restoring
                  | your health. [a neqoxec]
   236 | D        | Killed a water moccasin
   237 | D        | Killed a neqoxec
   240 | D        | Killed a neqoxec
   241 | D        | Reached skill level 5 in Conjurations
   241 | D        | Reached skill level 10 in Hexes
   241 | D        | Reached XP level 7. HP: 28/36 MP: 1/14
   245 | D        | Killed a neqoxec
   643 | D        | Killed a wyvern
   647 | D        | Killed a wyvern
   648 | D        | Reached XP level 8. HP: 40/40 MP: 15/15
   657 | D        | Noticed a merfolk siren
   661 | D        | Killed a merfolk siren
   675 | D        | Found Gulin's Distillery.
   675 | D        | Found Jysoucw's Distillery.
   675 | D        | Found Biex's Antique Armour Boutique.
   675 | D        | Found Siseacun's Jewellery Shop.
   676 | D        | Found Lilyalaz's Jewellery Shop.
   676 | D        | Found Kouchal's Jewellery Boutique.
   676 | D        | Found Ushefa's Antique Weapon Shop.
   676 | D        | Found Guevugg's Assorted Antiques.
   677 | D        | Found Jerchorut's Antique Armour Shop.
   677 | D        | Found Budes's Antique Armour Boutique.
   677 | D        | Found Utwo's Distillery.
   677 | D        | Found Ihea's Jewellery Shop.
   677 | D        | Noticed Menkaure
   677 | D        | Noticed a manticore
   698 | D        | Killed Menkaure
   701 | D        | Found Lagonta's Magic Scroll Shop.
   701 | D        | Noticed a manticore
   701 | D        | Noticed a manticore
   701 | D        | Noticed an oklob plant
   702 | D        | Found Suhousuy's Book Shoppe.
   702 | D        | Found Ycetow's Book Boutique.
   708 | D        | Noticed a great orb of eyes
   758 | D        | Bought a book of Sloth for 432 gold pieces
   760 | D        | Bought 2 potions of flight for 60 gold pieces
   765 | D        | Learned a level 4 spell: Petrify
   772 | D        | Bought a ring of protection from fire for 350 gold pieces
   775 | D        | Bought a potion of mutation for 96 gold pieces
   775 | D        | Lost mutation: Your body sometimes deteriorates upon taking
                  | damage. [potion of mutation]
   775 | D        | Lost mutation: Your spells are a little easier to cast, but
                  | a little less powerful. [potion of mutation]
   775 | D        | Lost mutation: Potions are less effective at restoring your
                  | health. [potion of mutation]
   775 | D        | Gained mutation: You expend magic power (3 MP) to
                  | strengthen your wands. [potion of mutation]
   775 | D        | Gained mutation: A frigid envelope surrounds you and
                  | freezes all who hurt you. [potion of mutation]
   795 | D        | Found a stormy altar of Qazlal.
   796 | D        | Found a hazy altar of Hepliaklqana.
   796 | D        | Found a sacrificial altar of Ru.
   796 | D        | Found an ornate altar of the Wu Jian Council.
   797 | D        | Found a viscous altar of Jiyva.
   797 | D        | Found a shimmering blue altar of Sif Muna.
   797 | D        | Found a shimmering altar of Xom.
   798 | D        | Found a snail-covered altar of Cheibriados.
   798 | D        | Found an ancient bone altar of Kikubaaqudgha.
   798 | D        | Found a bloodstained altar of Trog.
   799 | D        | Found a shadowy altar of Dithmenos.
   799 | D        | Found a corrupted altar of Lugonu.
   801 | D        | Found a white marble altar of Elyvilon.
   801 | D        | Found a burning altar of Makhleb.
   802 | D        | Found a blossoming altar of Fedhas.
   804 | D        | Found an opulent altar of Gozag.
   804 | D        | Found a glowing golden altar of the Shining One.
   804 | D        | Found a basalt altar of Yredelemnul.
   804 | D        | Found a hide-covered altar of Uskayaw.
   804 | D        | Found a sparkling altar of Nemelex Xobeh.
   804 | D        | Noticed a hornet
   804 | D        | Noticed a polar bear
   805 | D        | Found a glowing silver altar of Zin.
   805 | D        | Found a radiant altar of Vehumet.
   805 | D        | Found an iron altar of Okawaru.
   805 | D        | Noticed a yaktaur
   809 | D        | Became a worshipper of Dithmenos the Shadowed
   816 | D        | Noticed a polar bear
   816 | D        | Noticed a polar bear
   817 | D        | Killed a polar bear
   818 | D        | Killed a polar bear
   819 | D        | Reached skill level 5 in Spellcasting
   819 | D        | Reached skill level 5 in Transmutations
   820 | D        | Killed a hornet
   820 | D        | Reached * piety under Dithmenos
   821 | D        | Reached XP level 9. HP: 44/44 MP: 15/18
   821 | D        | Killed a polar bear
   823 | D        | Killed a yaktaur
   824 | D        | Reached skill level 5 in Earth Magic
   855 | D        | Noticed a death yak
  1207 | D        | Killed a death yak
  1207 | D        | Reached ** piety under Dithmenos
  1215 | D        | Learned a level 6 spell: Statue Form
  1228 | D        | Noticed a death drake
  1229 | D        | Noticed a crystal guardian
  1450 | D        | Noticed a death drake
  1451 | D        | Killed a death drake
  1452 | D        | Reached skill level 10 in Transmutations
  1465 | D        | Killed from afar by a crystal guardian

Illustrated notes

Levels and vault maps discovered:
D:        the_violet_keep_of_menkaure [sprint2_stairs_cluster_1,
          sprint2_shoproom, sprint2_temple, sprint2_basic_supplies,
          sprint2_obstacle_1, sprint2_obstacle_2, sprint2_obstacle_6,
          sprint2_obstacle_7, sprint2_obstacle_3, sprint2_timed_cluster_1,
          sprint2_smallroom_cluster_1, sprint2_smallroom_final_cluster_1,
          sprint2_transparent_cluster_1, sprint2_second_timed_cluster_1,
          sprint2_sniper_area_1, sprint2_heavy_combat_area_1,
          sprint2_mutation_trap_area_1, sprint2_forest_area_1,
          sprint2_light_combat_area_1, sprint2_behind_water_1,
          sprint2_near_end_vault_1]

Skill      XL: |  1  2  3  4  5  6  7  8  9 |
---------------+----------------------------+-----
Fighting       | 3 |  3.0
Short Blades   | 4 5 6 |  6.4
Stealth        | 7 10 13 15 | 15.0
Spellcasting   | 4 5 8 |  8.0
Hexes          | 5 8 10 13 14 | 14.0
Conjurations   | 3 5 6 8 |  8.0
Transmutations | 6 10 | 10.7
Earth Magic    | 4 7 |  7.6
Dodging        | |  2.6

Action                     |  1- 3 |  4- 6 |  7- 9 || total
---------------------------+-------+-------+-------++-------
  Melee: Dagger            |     5 |    17 |    29 ||    51
   Cast: Dazzling Flash    |       |     4 |     3 ||     7
         Ensorcelled Hiber |       |       |     9 ||     9
         Confusing Touch   |       |       |     2 ||     2
         Petrify           |       |       |     1 ||     1
    Use: Potion            |     3 |     1 |     3 ||     7
   Stab: Invisible         |     2 |     7 |     2 ||    11
         Sleeping          |     1 |       |    12 ||    13
         Confused          |       |       |     1 ||     1
 Armour: Robe              |     2 |       |     2 ||     4
  Dodge: Dodged            |     5 |    17 |     7 ||    29
